 Dungeon Crawl Stone Soup version 0.25-a0-701-gb30f108f01 (webtiles) character file.

Game seed: 13117013030510877134, levelgen mode: deterministic

11 Anathary the Sneak (level 2, -1/22 HPs)
             Began as a Demonspawn Assassin on Apr 3, 2020.
             Slain by a hobgoblin
             ... wielding a +0 club
              (3 damage)
             ... on level 1 of the Dungeon.
             The game lasted 00:03:20 (619 turns).

Anathary the Sneak (Demonspawn Assassin)             Turns: 619, Time: 00:03:20

Health: -1/22      AC:  3    Str: 11    XL:     2   Next: 13%
Magic:  2/2        EV: 11    Int: 12    God:
Gold:   24         SH:  0    Dex: 14    Spells: 1/1 levels left

rFire    . . .     SeeInvis .   h - +2 dagger (vamp)
rCold    . . .     Gourm    .   (no shield)
rNeg     . . .     Faith    .   b - +0 robe
rPois    .         Spirit   .   (no helmet)
rElec    .         Reflect  .   c - +0 cloak
rCorr    .         Harm     .   (no gloves)
MR       .....                  (no boots)
Stlth    +++.......             (no amulet)
HPRegen  0.07/turn              (no ring)
MPRegen  0.08/turn              (no ring)

@: no status effects
A: sturdy frame 1
a: no special abilities


You were on level 1 of the Dungeon.
You were not hungry.

You visited 1 branch of the dungeon, and saw 1 of its levels.

You collected 24 gold pieces.

Inventory:

Hand Weapons
 a - a +2 dagger
 h - a +2 vampiric dagger (weapon)
Missiles
 d - 8 poisoned darts (quivered)
 e - 2 curare-tipped darts
Armour
 b - a +0 robe (worn)
 c - a +0 cloak (worn)
Jewellery
 k - an uncursed ring of stealth {unknown}
Scrolls
 i - a scroll of enchant armour {unknown}
 j - a scroll of noise {unknown}
Potions
 g - a potion of curing {unknown}
Comestibles
 f - 2 rations


   Skills:
 - Level 2.0 Fighting
 * Level 1.7 Short Blades
 - Level 1.7 Throwing
 - Level 0.8 Dodging
 + Level 4.2 Stealth


You had one spell level left.
You didn't know any spells.
Your spell library was empty.

Dungeon Overview and Level Annotations

Branches:
Dungeon (1/15)

Altars:


Innate Abilities, Weirdness & Mutations

Your movements are slightly less encumbered by armour. (ER -2)


Message History

The hobgoblin barely misses you.
You hit the hobgoblin but do no damage. The hobgoblin misses you.
You hit the hobgoblin but do no damage. The hobgoblin hits you with a +0 club.
You hit the hobgoblin but do no damage. The hobgoblin hits you with a +0 club.
* * * LOW HITPOINT WARNING * * *
You closely miss the hobgoblin. The hobgoblin closely misses you.
You hit the hobgoblin but do no damage. You barely miss the hobgoblin.
The hobgoblin barely misses you.
You hit the hobgoblin but do no damage.
The hobgoblin hits you but does no damage.
You hit the hobgoblin but do no damage.
The hobgoblin hits you but does no damage.
You barely miss the hobgoblin. The hobgoblin completely misses you.
You barely miss the hobgoblin. The hobgoblin barely misses you.
You closely miss the hobgoblin. You closely miss the hobgoblin.
The hobgoblin misses you.
You hit the hobgoblin but do no damage. The hobgoblin hits you with a +0 club.
* * * LOW HITPOINT WARNING * * *
You hit the hobgoblin but do no damage. The hobgoblin hits you with a +0 club.
You die...

####.##.####.. #...#
####.##.##....## #.###
#########..............## #.#
.......##.##.##.........# #.#
.#####.##)##.##.........####.#
.#####.##.##.................#
.##).....).####.........######
....##...(...##..........#
.#####..#......g@.......##
........##.#.###........#
#######÷##.).# ####...###
#.###..# #...# #######(###..#
#...# #..÷..(......# #...#
...####.###.#######.... .[.##
#.###.#........... ....
#.##.........


You could see a hobgoblin.

Vanquished Creatures
  A giant cockroach (D:1)
  2 goblins (D:1)
  2 hobgoblins (D:1)
  A frilled lizard (D:1)
  3 kobolds (D:1)
  A rat (D:1)
10 creatures vanquished.

Notes
Turn   | Place    | Note
-------+----------+-------------------------------------------
     0 | D:1      | Anathary the Demonspawn Assassin began the quest for the
                  | Orb.
     0 | D:1      | Reached XP level 1. HP: 16/16 MP: 1/1
   200 | D:1      | Reached skill level 4 in Stealth
   501 | D:1      | Gained mutation: Your movements are slightly less
                  | encumbered by armour. (ER -2) [demonic ancestry]
   501 | D:1      | Reached XP level 2. HP: 22/22 MP: 2/2
   619 | D:1      | Slain by a hobgoblin

Levels and vault maps discovered:
D:1:      saegor_arrival_simple_b, layout_loops_cross

Skill      XL: |  1 |
---------------+----+-----
Stealth        | 4 |  4.2
Fighting       | |  2.0
Short Blades   | |  1.7
Throwing       | |  1.7
Dodging        | |  0.8

Action                   || total
-------------------------++-------
Melee: Dagger            ||    60
Armor: Robe              ||     8
Dodge: Dodged            ||    28

Table legend:
 A = Non-vault XP
 B = Vault XP
 C = Vault XP percentage of total XP
 D = Non-vault monster count
 E = Vault monster count
 F = Vault count percentage of total count
                 A         B        C        D         E       F
            +---------+---------+-------+---------+---------+-------
      Total |      16 |       0 |   0.0 |      10 |       0 |   0.0
            +---------+---------+-------+---------+---------+-------
        D:1 |      16 |       0 |   0.0 |      10 |       0 |   0.0
            +---------+---------+-------+---------+---------+-------
